 Dungeon Crawl Stone Soup version 0.29.0-4-gdea44cf6ec (webtiles) character file.

Game seed: 5022231539197966936

36 qw the Vexing (level 3, -1/35 HPs)
             Began as an Ogre Enchanter on Sept 4, 2022.
             Slain by a jackal (2 damage)
             ... on level 2 of the Dungeon.
             The game lasted 00:00:39 (1765 turns).

qw the Vexing (Ogre Enchanter)                      Turns: 1765, Time: 00:00:39

Health: -1/35      AC:  3    Str: 14    XL:     3   Next: 37%
Magic:  6/6        EV:  9    Int: 16    God:
Gold:   67         SH:  0    Dex:  9    Spells: 6/6 levels left

rFire   . . .      SeeInvis .   Y - +0 flail
rCold   . . .      Faith    .   (no shield)
rNeg    . . .      Spirit   .   b - +0 robe
rPois   .          Reflect  .   (helmet restricted)
rElec   .          Harm     .   (no cloak)
rCorr   .          Rampage  .   (gloves unavailable)
Will    .....                   (boots unavailable)
Stlth   ++........              (no amulet)
HPRegen 0.11/turn               (no ring)
MPRegen 0.10/turn               (no ring)

@: no status effects
A: large, unfitting armour, tough skin 1
a: no special abilities


You were on level 2 of the Dungeon.
You visited 1 branch of the dungeon, and saw 3 of its levels.

You collected 67 gold pieces.


Innate Abilities, Weirdness & Mutations

You are too large for most types of armour.
You have tough skin. (AC +1)


   Skills:
 - Level 2.0 Fighting
 - Level 0.8 Short Blades
 + Level 2.3 Axes
 - Level 1.7 Dodging
 - Level 2.1 Stealth
 - Level 2.4 Spellcasting
 - Level 2.6 Hexes


You had 6 spell levels left.
You didn't know any spells.
Your spell library contained the following spells:

 Spells                   Type           Power      Damage    Failure   Level
 Ensorcelled Hibernation  Hex/Ice        12%        N/A       17%         2
 Confusing Touch          Hex            10%        N/A       21%         3
 Tukima's Dance           Hex            10%        N/A       21%         3
 Dazzling Flash           Conj/Hex       12%        N/A       34%         3

Inventory:

Hand Weapons
 Y - a +0 flail (weapon)
Armour
 b - a +0 robe (worn)
Scrolls
 h - a scroll of identify
Potions
 d - a potion of flight {unknown}
 g - a potion of haste {unknown}

Dungeon Overview and Level Annotations

Branches:
Dungeon (3/15)

Altars:

Shops:
D:3 [


Message History

There is a stone staircase leading down here.
You thump the orc!
You kill the orc!
The jackal bites you. x3; The goblin closely misses you.
The jackal bites you but does no damage.
The jackal bites you.
The jackal bites you but does no damage.
The goblin hits you but does no damage.
You hit the jackal.
The jackal is heavily wounded.
The jackal barely misses you.
The jackal bites you but does no damage. x2
The goblin hits you with a +0 club. The jackal bites you. x3
You barely miss the jackal.
The jackal is heavily wounded.
The jackal misses you. The jackal barely misses you.
The jackal bites you but does no damage.
The goblin hits you but does no damage.
The jackal bites you but does no damage.
The jackal bites you. The jackal barely misses you.
The goblin barely misses you.
You sock the jackal!
You kill the jackal!
The jackal bites you. The jackal completely misses you.
The goblin barely misses you. The jackal bites you.
The jackal bites you but does no damage.
You closely miss the jackal. The jackal bites you.
The jackal bites you but does no damage.
The goblin barely misses you. The jackal barely misses you. x2
You hit the jackal.
The jackal is lightly wounded.
The goblin hits you but does no damage. The jackal completely misses you.
The jackal bites you but does no damage.
The goblin hits you but does no damage. The jackal completely misses you.
The jackal bites you but does no damage.
You barely miss the jackal.
The jackal is lightly wounded.
The jackal bites you. x2
You die...

..............................#
.....###.##.#####.###.........#
......##.##.####..##..........#
.......#.##..##..###.#........#
.........###.##.###..#..^.....#
.....#.......##.##..##........#
.....#....#........####..#....#
......#..........)......##....#
......##.......h@h............#
............#..g##########....#
.##.##.#............#.........#
.##.##..............#.####....#
)##.....<...............##....#
.<........%)......<.....##....#
.(#.....................##....#
........................#######
...#....................#


You could see 2 jackals and a goblin.

Vanquished Creatures
  A gnoll (D:1)
  2 orcs (D:2)
  3 bats
  A giant cockroach (D:2)
  4 goblins
  A hobgoblin (D:1)
  A jackal (D:2)
  A quokka (D:1)
  3 ball pythons
  4 frilled lizards
  3 kobolds
  2 rats
26 creatures vanquished.

Notes
Turn   | Place    | Note
-------+----------+-------------------------------------------
     0 | D:1      | qw the Ogre Enchanter began the quest for the Orb.
     0 | D:1      | Reached XP level 1. HP: 16/16 MP: 3/3
     0 | D:1      | 0 ||| qw: Version: 0.1-a-103-gd6f5d3a
     0 | D:1      | 0 ||| qw: Game counter: 5489
     0 | D:1      | 0 ||| qw: Always use a shield: true
     0 | D:1      | 0 ||| qw: God list: Okawaru
     0 | D:1      | 0 ||| qw: Allow faded altars: false
     0 | D:1      | 0 ||| qw: Do Orc after D:15 true
     0 | D:1      | 0 ||| qw: Do second Lair branch before Depths: true
     0 | D:1      | 0 ||| qw: Lair rune preference: random
     0 | D:1      | 0 ||| qw: Plans: Normal
     0 | D:1      | 0 ||| PLANNING D:1-11
   137 | D:1      | Reached skill level 1 in Axes
   184 | D:1      | Reached skill level 1 in Fighting
   291 | D:1      | 291 ||| SWAPPING to +0 spear.
   292 | D:1      | 292 ||| DROPPING +1 dagger.
   346 | D:1      | HP: 1/19 [gnoll/+0 flail (6)]
   350 | D:1      | Reached XP level 2. HP: 1/27 MP: 5/5
   634 | D:1      | 634 ||| SWAPPING to +0 flail.
   668 | D:1      | 668 ||| DROPPING +0 spear.
  1029 | D:1      | 1029 ||| READING scroll labelled PETRAE VUINGO.
  1030 | D:1      | 1030 ||| READING 2 scrolls labelled QIUTHR VAOFF.
  1031 | D:1      | 1031 ||| DROPPING 2 potions of invisibility.
  1032 | D:1      | 1032 ||| DROPPING scroll of immolation.
  1053 | D:2      | 1053 ||| Stepping ~*~*~tactically~*~*~ (stealth).
  1055 | D:2      | 1055 ||| Stepping ~*~*~tactically~*~*~ (stealth).
  1131 | D:2      | Reached XP level 3. HP: 26/35 MP: 6/6
  1550 | D:2      | Found a faded altar of an unknown god.
  1571 | D:2      | 1571 ||| READING scroll labelled RICEICL BE RUO.
  1575 | D:2      | 1575 ||| READING scroll labelled YMIENI ITOUTIT.
  1576 | D:2      | 1576 ||| READING 3 scrolls labelled FODIXTOC DOLUA.
  1577 | D:2      | 1577 ||| READING 2 scrolls of identify.
  1577 | D:2      | 1577 ||| IDENTIFYING fizzy inky potion
  1578 | D:2      | 1578 ||| DROPPING potion of brilliance.
  1602 | D:3      | Found Lyner's Antique Armour Emporium.
  1604 | D:3      | 1604 ||| Stepping ~*~*~tactically~*~*~ (outnumbered).
  1605 | D:3      | 1605 ||| STAIRDANCE
  1607 | D:2      | 1607 ||| Stepping ~*~*~tactically~*~*~ (outnumbered).
  1608 | D:2      | 1608 ||| Stepping ~*~*~tactically~*~*~ (outnumbered).
  1610 | D:2      | 1610 ||| Stepping ~*~*~tactically~*~*~ (outnumbered).
  1611 | D:2      | 1611 ||| Stepping ~*~*~tactically~*~*~ (outnumbered).
  1612 | D:2      | 1612 ||| Stepping ~*~*~tactically~*~*~ (outnumbered).
  1613 | D:2      | 1613 ||| Stepping ~*~*~tactically~*~*~ (outnumbered).
  1614 | D:2      | 1614 ||| Stepping ~*~*~tactically~*~*~ (outnumbered).
  1615 | D:2      | 1615 ||| Stepping ~*~*~tactically~*~*~ (outnumbered).
  1616 | D:2      | 1616 ||| Stepping ~*~*~tactically~*~*~ (outnumbered).
  1617 | D:2      | 1617 ||| Stepping ~*~*~tactically~*~*~ (outnumbered).
  1618 | D:2      | 1618 ||| Stepping ~*~*~tactically~*~*~ (outnumbered).
  1619 | D:2      | 1619 ||| Stepping ~*~*~tactically~*~*~ (outnumbered).
  1620 | D:2      | 1620 ||| Stepping ~*~*~tactically~*~*~ (outnumbered).
  1757 | D:3      | 1757 ||| STAIRDANCE
  1761 | D:2      | HP: 7/35 [jackal (2)]
  1763 | D:2      | HP: 1/35 [jackal (3)]
  1765 | D:2      | Slain by a jackal

Levels and vault maps discovered:
D:1:      dpeg_arrival_pond, layout_basic
D:2:      layout_rooms, shapermc_ecumenical_altar_notcrosses
D:3:      layout_basic, serial_shops, nicolae_shop_stone

Skill      XL: |  1  2  3 |
---------------+----------+-----
Axes           | 1 2 |  2.3
Fighting       | 1 2 |  2.0
Short Blades   | |  0.8
Dodging        | |  1.7
Stealth        | |  2.1
Spellcasting   | |  2.4
Hexes          | |  2.6

Action                   || total
-------------------------++-------
Melee: Dagger            ||    16
       Spear             ||     9
       Flail             ||    57
Throw: Boomerang         ||    34
  Use: Scroll            ||     6
Armor: Robe              ||    45
Dodge: Dodged            ||    63

Table legend:
 A = Non-vault XP
 B = Vault XP
 C = Vault XP percentage of total XP
 D = Non-vault monster count
 E = Vault monster count
 F = Vault count percentage of total count
                 A         B        C        D         E       F
            +---------+---------+-------+---------+---------+-------
      Total |      52 |       0 |   0.0 |      26 |       0 |   0.0
            +---------+---------+-------+---------+---------+-------
        D:1 |      29 |       0 |   0.0 |      11 |       0 |   0.0
        D:2 |      23 |       0 |   0.0 |      15 |       0 |   0.0
            +---------+---------+-------+---------+---------+-------
